 Dungeon Sprint DCSS version 0.31-a0-700-gf13585253f (webtiles) character file.

Game seed: 5663845548053294926

1745 sircluck the Grappler (level 8, -4/93 HPs)
             Began as a Troll Berserker on Sept 7, 2023.
             Was an Elder of Trog.
             Slain by a deep troll (15 damage)
             ... in the Dungeon (Sprint I: "Red Sonja").
             The game lasted 00:02:04 (259 turns).

sircluck the Grappler (Troll Berserker)              Turns: 259, Time: 00:02:04

Health: -4/93      AC:  4    Str: 28    XL:     8   Next: 77%
Magic:  7/7        EV: 12    Int:  3    God:    Trog [****..]
Gold:   721        SH:  0    Dex:  9    Spells: 7/7 levels left

rFire   . .          .
                       - Unarmed
rCold   . . .        (no shield)
rNeg    . . .        a - +0 animal skin
rPois   .            (helmet restricted)
rElec   .            (no cloak)
rCorr   .            (gloves unavailable)
SInv    .            (boots unavailable)
Will    .....        (no amulet)
Stlth   +            (no ring)
HPRegen 1.15/turn    (no ring)
MPRegen 0.10/turn

%: no teleportation
@: no status effects
A: large, unfitting armour, claws 3, regeneration 1, shaggy fur 1, tough skin 1
a: Renounce Religion, Berserk, Trog's Hand, Brothers in Arms


You were in the Dungeon.
You worshipped Trog.
Trog was greatly pleased with you.
You visited 1 branch You collected 721 gold pieces.

Inventory:

Missiles
 k - 5 curare-tipped darts
Armour
 a - a +0 animal skin (worn)
Wands
 h - a wand of acid (8)
 i - a wand of polymorph (9)
 l - a wand of flame (22)
Scrolls
 g - a scroll of blinking
 j - a scroll of amnesia {unknown}
 m - a scroll of identify {unknown}
Potions
 b - 3 potions of curing
 c - a potion of heal wounds
 d - a potion of haste
 e - 2 potions of magic
 f - a potion of berserk rage


   Skills:
 + Level 10.1 Fighting
 + Level 10.0 Dodging
 + Level 11.8 Unarmed Combat


You had 7 spell levels left.
You didn't know any spells.
Your spell library was empty.

Dungeon Overview and Level Annotations

Branches:
Dungeon (1/1)

Altars:
Cheibriados
Dithmenos
Elyvilon
Fedhas
Gozag
Hepliaklqana
Kikubaaqudgha
Makhleb
Nemelex Xobeh
Okawaru
Qazlal
Ru
Sif Muna
Trog
Uskayaw
Vehumet
Wu Jian
Xom
Yredelemnul
Zin
The Shining One
Jiyva
Lugonu

Shops:
D (


Innate Abilities, Weirdness & Mutations

You are too large for most types of armour.
You have claws for hands.
Your natural rate of healing is unusually fast.
You are covered in fur. (AC +1)
You have tough skin. (AC +1)


Message History

There is an open door here.
You barely miss the deep troll. You closely miss the deep troll.
The deep troll barely misses you. x2
The deep troll claws you.
You claw the deep troll!
The deep troll is moderately wounded.
The deep troll bites you. The deep troll claws you.
The deep troll barely misses you.
You closely miss the deep troll.
The deep troll is moderately wounded.
The deep troll closely misses you. The deep troll claws you!
The deep troll claws you but does no damage.
You mangle the deep troll!!
The deep troll is severely wounded.
You closely miss the deep troll.
The deep troll is severely wounded.
The deep troll bites you! The deep troll closely misses you.
The deep troll claws you!
You scratch the deep troll.
The deep troll is severely wounded.
The deep troll bites you! The deep troll barely misses you. x2
You are too injured to fight recklessly!
You are too injured to fight recklessly!
You are too injured to fight recklessly!
You are too injured to fight recklessly!
You are too injured to fight recklessly!
You are too injured to fight recklessly!
You are too injured to fight recklessly!
You are too injured to fight recklessly!
You are too injured to fight recklessly!
You are too injured to fight recklessly!
You are too injured to fight recklessly!
You closely miss the deep troll.
The deep troll is severely wounded.
The deep troll bites you!!
* * * LOW HITPOINT WARNING * * *
The deep troll claws you.
* * * LOW HITPOINT WARNING * * *
The deep troll claws you!
You die...

#..#####'#####'#__####...+
#..####..#...#.#### #####
#..#__####..##.#
#..#_____##'#_.+
#⌠⌠#_.∩...'..._#
####_..__##_.#'#
#_____###'#)#
#########)####+###
+...@T$.$$+ #...#######
###.### #.#'#.# #.....#
#...[.# #######


You could see a deep troll.

Vanquished Creatures
  Sonja (D)
  2 kobold demonologists (D)
  Sigmund (D)
  A slime creature (D)
  A yak (D)
  A floating eye (D)
  An ogre (D)
  A jelly (D)
  Ijyb (D)
10 creatures vanquished.

Vanquished Creatures (others)
  2 ballistomycete spores (D)
2 creatures vanquished.

Grand Total: 12 creatures vanquished

Notes
Turn   | Place    | Note
-------+----------+-------------------------------------------
     0 | D        | sircluck the Troll Berserker began the quest for the Orb.
     0 | D        | Reached XP level 1. HP: 22/22 MP: 0/0
     1 | D        | Noticed Ijyb
     6 | D        | Killed Ijyb
     7 | D        | Reached skill level 4 in Unarmed Combat
     7 | D        | Reached XP level 2. HP: 7/32 MP: 1/1
    32 | D        | Noticed an ogre
    33 | D        | Killed an ogre
    34 | D        | Reached skill level 5 in Fighting
    34 | D        | Reached skill level 5 in Dodging
    34 | D        | Reached skill level 6 in Unarmed Combat
    34 | D        | Reached XP level 3. HP: 42/42 MP: 2/2
    34 | D        | Reached XP level 4. HP: 50/50 MP: 3/3
    47 | D        | Noticed Sigmund
    51 | D        | Killed Sigmund
    51 | D        | Reached ** piety under Trog
    52 | D        | Reached skill level 7 in Unarmed Combat
    52 | D        | Reached XP level 5. HP: 61/61 MP: 4/4
    52 | D        | Reached XP level 6. HP: 68/68 MP: 5/5
    67 | D        | Found a burning altar of Makhleb.
    67 | D        | Found a viscous altar of Jiyva.
    67 | D        | Found a shimmering altar of Xom.
    67 | D        | Found a corrupted altar of Lugonu.
    67 | D        | Noticed a slime creature
    73 | D        | Killed a slime creature
    74 | D        | Reached skill level 8 in Unarmed Combat
    88 | D        | Noticed a kobold demonologist
    88 | D        | Noticed a floating eye
    88 | D        | Noticed a kobold demonologist
    90 | D        | Killed a floating eye
    91 | D        | Reached skill level 9 in Unarmed Combat
    91 | D        | Reached XP level 7. HP: 79/79 MP: 6/6
    93 | D        | Killed a kobold demonologist
    93 | D        | Reached *** piety under Trog
    94 | D        | Reached skill level 10 in Unarmed Combat
    99 | D        | Noticed an orange demon
    99 | D        | Killed a kobold demonologist
   100 | D        | Reached XP level 8. HP: 91/92 MP: 7/7
   111 | D        | Found an ornate altar of the Wu Jian Council.
   111 | D        | Found a shimmering blue altar of Sif Muna.
   113 | D        | Found a radiant altar of Vehumet.
   115 | D        | Reached **** piety under Trog
   146 | D        | Found Qicag's Antique Weapon Emporium.
   146 | D        | Found an ancient bone altar of Kikubaaqudgha.
   146 | D        | Found a hazy altar of Hepliaklqana.
   146 | D        | Found a hide-covered altar of Uskayaw.
   146 | D        | Found a basalt altar of Yredelemnul.
   146 | D        | Found an opulent altar of Gozag.
   146 | D        | Found a snail-covered altar of Cheibriados.
   146 | D        | Found a sacrificial altar of Ru.
   146 | D        | Found a shadowy altar of Dithmenos.
   152 | D        | Found a stormy altar of Qazlal.
   152 | D        | Found a blossoming altar of Fedhas.
   152 | D        | Found a bloodstained altar of Trog.
   152 | D        | Found an iron altar of Okawaru.
   152 | D        | Found a glowing golden altar of the Shining One.
   152 | D        | Found a glowing silver altar of Zin.
   152 | D        | Found a white marble altar of Elyvilon.
   171 | D        | Found a sparkling altar of Nemelex Xobeh.
   191 | D        | Noticed Sonja
   196 | D        | Killed Sonja
   197 | D        | Reached skill level 10 in Fighting
   197 | D        | Reached skill level 10 in Dodging
   197 | D        | Reached skill level 11 in Unarmed Combat
   250 | D        | Noticed a deep troll
   259 | D        | Slain by a deep troll

Illustrated notes

Levels and vault maps discovered:
D:        dungeon_sprint_1 [red_sonja_temple_1, red_sonja_temple_small_1]

Skill      XL: |  1  2  3  4  5  6  7  8 |
---------------+-------------------------+-----
Fighting       | 3 5 6 7 9 10 | 10.1
Dodging        | 3 5 6 7 9 10 | 10.0
Unarmed Combat | 4 6 7 9 10 11 | 11.8

Action                     |  1- 3 |  4- 6 |  7- 9 || total
---------------------------+-------+-------+-------++-------
  Melee: Unarmed           |     5 |     9 |    26 ||    40
         Punch             |     1 |     2 |       ||     3
 Invoke: Berserk           |       |       |     1 ||     1
  Evoke: Wand              |       |     1 |       ||     1
 Armour: Animal skin       |     1 |     2 |    22 ||    25
  Dodge: Dodged            |     2 |     2 |    21 ||    25

Table legend: (Time is in decaauts)
 A = Elapsed time spent in this place.
 B = Non-inter-level travel time spent in this place.
 C = Inter-level travel time spent in this place.
 D = Time resting spent in this place.
 E = Time spent auto-exploring this place.
 F = Levels seen in this place.
 G = Mean time per level.
                   A        B        C        D        E       F      G
               +--------+--------+--------+--------+--------+-----+--------+
         Total |    259 |    252 |      7 |     21 |     64 |   1 |  259.0 |
       Dungeon |    259 |    252 |      7 |     21 |     64 |   1 |  259.0 |
               +--------+--------+--------+--------+--------+-----+--------+

Top non-repeatable levels by time:
       D: 259 daAuts
